 Dungeon Crawl Stone Soup version 0.25.1-2-g60ff931df9 (webtiles) character file.

Game seed: 9279343961751980658

25 lepoulpe303 the Shooter (level 2, -1/25 HPs)
             Began as a Draconian Hunter on Oct 1, 2020.
             Slain by an adder (4 damage)
             ... on level 2 of the Dungeon.
             The game lasted 00:02:48 (848 turns).

lepoulpe303 the Shooter (Draconian Hunter)           Turns: 848, Time: 00:02:49

Health: -1/25      AC:  4    Str: 14    XL:     2   Next: 86%
Magic:  2/2        EV: 12    Int: 11    God:
Gold:   83         SH:  0    Dex: 11    Spells: 1/1 levels left

rFire    . . .     SeeInvis .   b - +0 short sword
rCold    . . .     Gourm    .   (no shield)
rNeg     . . .     Faith    .   (armour unavailable)
rPois    .         Spirit   .   (helmet restricted)
rElec    .         Reflect  .   (no cloak)
rCorr    .         Harm     .   (no gloves)
MR       .....                  (no boots)
Stlth    ++........             (no amulet)
HPRegen  0.08/turn              (no ring)
MPRegen  0.08/turn              (no ring)

@: lethally poisoned (-1 -> -10)
A: unfitting armour, cold-blooded, AC +4
a: no special abilities


You were on level 2 of the Dungeon.
You were not hungry.

You visited 1 branch of the dungeon, and saw 2 of its levels.

You collected 83 gold pieces.

Inventory:

Hand Weapons
 a - a +1 shortbow
 b - a +0 short sword (weapon)
Missiles
 Q - 44 arrows
Scrolls
 d - a scroll of fog {unknown}
 f - 2 scrolls of identify {unknown}
 h - a scroll of immolation {unknown}
Comestibles
 c - 2 chunks of flesh
 e - 2 rations


   Skills:
 * Level 2.9 Fighting
 * Level 3.9 Bows
 + Level 2.0 Dodging
 + Level 1.2 Stealth


You had one spell level left.
You didn't know any spells.
Your spell library was empty.

Dungeon Overview and Level Annotations

Branches:
Dungeon (2/15)

Altars:
Wu Jian


Innate Abilities, Weirdness & Mutations

Your plain brown scales are hard. (AC +4)
You cannot fit into any form of body armour.
You are cold-blooded and may be slowed by cold attacks.


Message History

You feel sick. The adder barely misses you.
You take 1 damage, and have 8/25 hp.
You barely miss the adder. The adder completely misses you.
The adder barely misses you.
You hit the adder but do no damage.
* * * LOW HITPOINT WARNING * * *
You feel sick. The adder bites you.
* * * LOW HITPOINT WARNING * * *
You are more poisoned.
The adder poisons you!
You take 3 damage, and have 5/25 hp.
You aren't carrying any potions.
You miss the adder.
* * * LOW HITPOINT WARNING * * *
You feel sick.
The adder bites you but does no damage. x2
You take 1 damage, and have 4/25 hp.
You hit the adder but do no damage. You tail-slap the adder.
* * * LOW HITPOINT WARNING * * *
You feel sick. The adder bites you.
You die...

.......................[
......(.....######.........
................##.......##
...8......##....##.......#
..........#.....##.......##
....[....##.....#####......
..........[<....'..........
.........##.....#####......
........ZS@.....# #......
.###.....##.....# #......
#.....##...÷.# #......
#..<..##.....# #......
#.....##.....# #.....÷
#.....##.....# #.)....
#.....##.....# #....).
##.#####.....# #......
####### #......


You could see an adder and a quokka zombie.

Levels and vault maps discovered:
D:1:      wheals_arrival_shading, layout_loops_cross, minmay_pentomino_u4
D:2:      layout_basic, lemuel_round_altar, lemuel_coloured_pillars_altar,
          serial_undead, serial_undead_d, serial_undead_d, serial_undead_b,
          serial_undead_b, serial_undead_c, kennysheep_generic_room_3

Notes
Turn   | Place    | Note
-------+----------+-------------------------------------------
     0 | D:1      | lepoulpe303 the Draconian Hunter began the quest for the
                  | Orb.
     0 | D:1      | Reached XP level 1. HP: 17/17 MP: 1/1
     0 | D:1      | Identified a +0 short sword
    24 | D:1      | Reached skill level 1 in Stealth
   250 | D:1      | Identified a +0 club
   267 | D:1      | You fall into a shaft and drop 1 floor!
   318 | D:2      | Reached XP level 2. HP: 25/25 MP: 2/2
   354 | D:2      | Found an ornate altar of the Wu Jian Council.
   361 | D:2      | lepoulpe303: !whichgod trhu
   361 | D:2      | meem: 71 recent wins for trhu: 30x Okawaru, 10x The Shining
                  | One, 5x Qazlal, 5x Cheibriados, 3x Ashenzari, 3x Dithmenos,
                  | 3x Nemelex Xobeh, 3x Ru, 2x Trog, 2x Zin, Makhleb, Xom,
                  | Hepliaklqana, Yredelemnul, Jiyva
   361 | D:2      | lepoulpe303: !whichgod drhu
   361 | D:2      | meem: 7 recent wins for drhu: 4x Okawaru, Fedhas,
                  | Hepliaklqana, The Shining One
   511 | D:2      | Identified a +0 short sword
   511 | D:2      | Identified a +0 dagger
   585 | D:2      | Identified a potion of brilliance
   585 | D:2      | HP: 5/25 [adder (2)]
   586 | D:2      | Identified a potion of curing
   590 | D:2      | Reached skill level 2 in Dodging
   846 | D:2      | HP: 5/25 [adder (2)]
   848 | D:2      | Slain by an adder

Table legend:
 A = Turns spent in this place as a percentage of turns spent in the entire game.
 B = Non-inter-level travel turns spent in this place as a percentage of non-inter-level travel turns spent in the entire game.
 C = Inter-level travel turns spent in this place as a percentage of turns spent in this place.
 D = Turns resting spent in this place as a percentage of non-inter-level travel turns spent in this place.
 E = Turns spent auto-exploring this place as a percentage of non-inter-level travel turns spent in this place.
 F = Non-inter-level travel turns spent in this place divided by the number of levels of this place that you've seen.
                   A       B       C       D       E      F
               +-------+-------+-------+-------+-------+----------------------
         Total | 100.0 | 100.0 |   0.6 |  27.4 |  52.1 | 421.5
       Dungeon | 100.0 | 100.0 |   0.6 |  27.4 |  52.1 | 421.5
               +-------+-------+-------+-------+-------+----------------------

Table legend:
 A = Kills in this place as a percentage of kills in entire the game.
 B = Kills by you in this place as a percentage of kills by you in the entire game.
 C = Kills by friends in this place as a percentage of kills by friends in the entire game.
 D = Other kills in this place as a percentage of other kills in the entire game.
 E = Experience gained in this place as a percentage of experience gained in the entire game.
 F = Experience gained in this place divided by the number of levels of this place that you have seen.
                   A       B       C       D       E      F
               +-------+-------+-------+-------+-------+----------------------
         Total | 100.0 | 100.0 |   N/A |   N/A | 100.0 |  18.5
       Dungeon | 100.0 | 100.0 |   N/A |   N/A | 100.0 |  18.5
               +-------+-------+-------+-------+-------+----------------------

Skill      XL: |  1  2 |
---------------+-------+-----
Stealth        | 1 |  1.2
Dodging        | 2 |  2.0
Fighting       | |  2.9
Bows           | |  3.9

Action                   || total
-------------------------++-------
Melee: Short sword       ||    79
       Tailslap          ||    11
  Use: Potion            ||     2
 Stab: Sleeping          ||     1
Armor: Skin              ||    26
Dodge: Dodged            ||    77

Vanquished Creatures
  An adder (D:2)
  A leopard gecko (D:1)
  A bat zombie (D:2)
  A giant cockroach (D:2)
  A goblin (D:2)
  A hobgoblin (D:1)
  A kobold (D:2)
  A ball python (D:2)
  A bat (D:1)
  4 frilled lizards (D:2)
  5 rats
18 creatures vanquished.
